 Dungeon Crawl Stone Soup version 0.25.1-2-g60ff931df9 (webtiles) character file.

Game seed: 12464273623331504586

1411 Atlas the Magician (level 8, 0/54 HPs)
             Began as a Mummy Ice Elementalist on Nov 6, 2020.
             Was an Initiate of Vehumet.
             Shot with an arrow by a centaur (13 damage)
             ... on level 5 of the Dungeon.
             The game lasted 00:07:16 (5952 turns).

Atlas the Magician (Mummy Ice Elementalist)         Turns: 5952, Time: 00:07:17

Health: 0/54       AC:  4    Str: 12    XL:     8   Next: 43%
Magic:  19/19      EV: 12    Int: 16    God:    Vehumet [......]
Gold:   223        SH:  0    Dex: 12    Spells: 15/22 levels left

rFire    + . .     SeeInvis .   p - +4 club
rCold    + . .     Gourm    .   (no shield)
rNeg     + + +     Faith    .   e - +0 leather armour {rF+}
rPois    ∞         Spirit   .   (no helmet)
rElec    .         Reflect  .   (no cloak)
rCorr    .         Harm     .   i - +0 pair of gloves
MR       +....                  (no boots)
Stlth    ++........             (no amulet)
HPRegen  0.18/turn              g - ring of protection from fire
MPRegen  0.16/turn              n - ring of wizardry

@: no status effects
A: no food or potions, fire vulnerability, cold resistance 1, negative energy
resistance 3, torment resistance, unbreathing
a: Renounce Religion


You were on level 5 of the Dungeon.
You worshipped Vehumet.
Vehumet was noncommittal.
You were not hungry.

You visited 2 branches of the dungeon, and saw 6 of its levels.

You collected 223 gold pieces.

Inventory:

Hand Weapons
 p - a +4 club (weapon)
Armour
 a - a +0 robe
 e - a +0 leather armour of fire resistance (worn)
 i - a +0 pair of gloves (worn)
Jewellery
 g - a ring of protection from fire (left hand)
 n - a ring of wizardry (right hand)
Wands
 o - a wand of enslavement (4)
Scrolls
 b - 3 scrolls of identify
 c - 2 scrolls of blinking {unknown}
 d - 3 scrolls of teleportation
 f - 2 scrolls of fog {unknown}
 h - a scroll of magic mapping {unknown}
 j - a scroll of fear {unknown}
 k - a scroll of noise {unknown}
 l - a scroll of immolation {unknown}
 m - 3 scrolls of remove curse


   Skills:
 + Level 1.0 Fighting
 + Level 3.0 Armour
 + Level 2.5 Dodging
 + Level 2.3 Stealth
 + Level 2.1 Unarmed Combat
 + Level 7.7 Spellcasting
 + Level 6.0 Ice Magic


You had 15 spell levels left.
You knew the following spells:

 Your Spells              Type           Power        Failure   Level  Hunger
a - Freeze                Ice            ####         1%          1    N/A
b - Frozen Ramparts       Ice            ####..       1%          3    N/A
c - Ozocubu's Armour      Chrm/Ice       ###.....     5%          3    N/A

Your spell library contained the following spells:

 Spells                   Type           Power        Failure   Level  Hunger
 Hailstorm                Conj/Ice       ###.....     16%         4    N/A
 Summon Ice Beast         Ice/Summ       ###.....     16%         4    N/A

Dungeon Overview and Level Annotations

Branches:
Dungeon (5/15)             Temple (1/1) D:4

Altars:
Cheibriados
Dithmenos
Elyvilon
Fedhas
Gozag
Hepliaklqana
Kikubaaqudgha
Makhleb
Nemelex Xobeh
Qazlal
Ru
Sif Muna
Trog
Vehumet
Wu Jian
Xom
Yredelemnul
Zin
The Shining One


Innate Abilities, Weirdness & Mutations

You do not eat or drink.
Your flesh is vulnerable to fire.
You are immune to poison.
Your flesh is cold resistant. (rC+)
You are immune to negative energy. (rN+++)
You are immune to unholy pain and torment.
You can survive without breathing.


Message History

A centaur comes into view.
The centaur shouts!
The centaur wields a +0 shortbow.
The centaur shoots an arrow.
The arrow hits you.
You see here an arrow.
A centaur is nearby!
The centaur shoots an arrow.
The arrow hits you.
The centaur shoots an arrow.
The arrow hits you.
You see here an arrow.
The centaur shoots an arrow.
The arrow hits you!
You see here an arrow.
An orc comes into view.
The centaur shoots an arrow.
The arrow hits you!
The centaur shoots an arrow.
The arrow hits you!
* * * LOW HITPOINT WARNING * * *
The orc moves out of view.
Things that are here:
2 arrows; a scroll labeled VYMUZI VAENA The centaur shoots an arrow.
The arrow hits you!
You die...

#............#
#............# #
#)....#......#
#..........### #
#.....####....##.....#...##
#
##.....≈P########....##..#
##....≈≈PP≈. #########PP
###........ P≈.. #..≈.....
..... #..PPPP≈####### P....
##..P≈^###.@..c### ^..P≈
######..#####(((.[.....#
#......##...(......#...#
####.............?.# ...
######..†.......... .
#..........#...
#..........#...
#...(......# ..
############


You could see a centaur.

Vanquished Creatures
  A two-headed ogre (D:5)
  2 ogres (D:4)
  A necrophage (D:5)
  4 orc wizards
  3 orc priests
  Ijyb (D:5)
  3 worker ants
  A hound zombie (D:5)
  8 gnolls
  5 adders
  2 adder skeletons (D:4)
  A worm (D:3)
  A dart slug (D:2)
  2 leopard geckos
  14 orcs
  3 giant cockroaches
  8 goblins
  6 hobgoblins
  2 jackals (D:4)
  8 kobolds
  2 quokkas
  6 bats
  4 frilled lizards
  8 rats
96 creatures vanquished.

Notes
Turn   | Place    | Note
-------+----------+-------------------------------------------
     0 | D:1      | Atlas the Mummy Ice Elementalist began the quest for the
                  | Orb.
     0 | D:1      | Reached XP level 1. HP: 13/13 MP: 4/4
   496 | D:1      | Reached XP level 2. HP: 18/19 MP: 2/5
  1011 | D:2      | Reached skill level 3 in Spellcasting
  1130 | D:2      | Reached XP level 3. HP: 9/24 MP: 0/7
  1488 | D:2      | Learned a level 3 spell: Frozen Ramparts
  1492 | D:2      | Learned a level 3 spell: Ozocubu's Armour
  1506 | D:2      | Found a shadowy altar of Dithmenos.
  1727 | D:2      | Reached XP level 4. HP: 30/30 MP: 7/9
  1800 | D:2      | Found a shimmering altar of Xom.
  2793 | D:3      | Reached skill level 4 in Spellcasting
  2804 | D:3      | Reached XP level 5. HP: 14/35 MP: 4/11
  3467 | D:4      | Reached skill level 1 in Armour
  3736 | D:4      | Reached XP level 6. HP: 37/41 MP: 6/13
  3893 | D:4      | Found a staircase to the Ecumenical Temple.
  3904 | Temple   | Entered the Ecumenical Temple
  4031 | Temple   | Became a worshipper of Vehumet
  4131 | D:4      | Found a burning altar of Makhleb.
  4133 | D:4      | Found an opulent altar of Gozag.
  4214 | D:4      | Reached skill level 5 in Spellcasting
  4418 | D:5      | Entered Level 5 of the Dungeon
  4844 | D:5      | Reached XP level 7. HP: 36/46 MP: 9/15
  5084 | D:5      | Reached skill level 5 in Ice Magic
  5454 | D:5      | Noticed a two-headed ogre
  5487 | D:5      | Killed a two-headed ogre
  5487 | D:5      | Reached skill level 1 in Fighting
  5487 | D:5      | Reached skill level 1 in Unarmed Combat
  5487 | D:5      | Reached skill level 7 in Spellcasting
  5487 | D:5      | Reached XP level 8. HP: 54/54 MP: 9/19
  5693 | D:5      | Noticed Ijyb
  5703 | D:5      | Killed Ijyb
  5952 | D:5      | Shot with an arrow by a centaur

Illustrated notes

Levels and vault maps discovered:
D:1:      dpeg_arrival_water_temple_mockup, layout_basic
D:2:      layout_loops_ring, nicolae_dithmenos_shadow_blocks, first_ration,
          minmay_crystal_water, xom_teletrap_fun
D:3:      layout_basic, minmay_misc_feat_diagonals, grunt_decor_arrowhead
D:4:      layout_gridville, chequers_temple_overflow_statue_of_worship,
          temple_green, grunt_ministairs_8
D:5:      kennysheep_steamy, layout_rooms, uniq_ijyb
Temple:   kb_temple_of_zot

Skill      XL: |  1  2  3  4  5  6  7  8 |
---------------+-------------------------+-----
Spellcasting   | 3 4 5 7 |  7.7
Stealth        | 2 |  2.3
Ice Magic      | 4 5 6 |  6.0
Dodging        | 2 |  2.5
Armour         | 1 2 3 |  3.0
Fighting       | 1 |  1.0
Unarmed Combat | 1 2 |  2.1

Action                   |  1- 3 |  4- 6 |  7- 9 || total
-------------------------+-------+-------+-------++-------
Melee: Unarmed           |     9 |    32 |    18 ||    59
       Club              |       |       |     8 ||     8
 Cast: Freeze            |    52 |    65 |    33 ||   150
       Frozen Ramparts   |       |     9 |     4 ||    13
  Use: Scroll            |       |     3 |       ||     3
Armor: Robe              |     3 |       |       ||     3
       Leather armour    |    16 |    19 |    14 ||    49
Dodge: Dodged            |    40 |    53 |    42 ||   135
